 Dungeon Crawl Stone Soup version 0.18.1-47-g9310371 (webtiles) character file.

2144 matakusis the Reanimator (level 9, -2/59 HPs)
             Began as a Demonspawn Necromancer on June 15, 2016.
             Slain by a red ugly thing (7 damage)
             ... on level 7 of the Dungeon.
             The game lasted 00:36:47 (5446 turns).

matakusis the Reanimator (Demonspawn Necromancer)   Turns: 5446, Time: 00:36:48

Health: -2/59      AC:  8    Str:  9    XL:     9   Next: 9%
Magic:  22/22      EV: 12    Int: 22    God:
Gold:   312        SH:  6    Dex: 19    Spells: 4 memorised, 12 levels left

rFire  + . .     SeeInvis +     C - +7 mace of the Hidden Mice {elec, *Noise +Blink rPois Dex+5}
rCold  + . .     Gourm    .     H - +0 robe {MR+}
rNeg   . . .     Faith    .     l - +0 buckler
rPois  +         Spirit   .     (helmet restricted)
rElec  .         Dismiss  .     E - +1 cloak {+Inv}
rCorr  .         Reflect  .     n - +1 pair of gloves
SustAt .         Harm     .     (no boots)
MR     +....                    j - amulet of magic regeneration
Stlth  ++........               z - +3 ring of intelligence
                                w - ring of protection from cold

@: about to teleport, somewhat resistant to hostile enchantments, unstealthy
A: antennae 2, talons 1, rugged brown scales 2, see invisible, fire resistance
1, high mp 1, powered by death 1, powered by pain 1, wild magic 1, evolution 1,
sturdy frame 1
a: Evoke Blink, Evoke Invisibility


You were on level 7 of the Dungeon.
You were not hungry.

You visited 1 branch of the dungeon, and saw 7 of its levels.
You also visited: Ossuary.

You collected 386 gold pieces.
You spent 74 gold pieces at shops.

Inventory:

Hand Weapons
 f - a +1 short sword
 C - the +7 mace of the Hidden Mice (weapon) {elec, *Noise +Blink rPois Dex+5}
   (You found it on level 5 of the Dungeon)

   Occasionally, upon striking a foe, it will discharge some electrical energy
   and cause terrible harm.
   It affects your dexterity (+5).
   It protects you from poison.
   It lets you blink.
   It may make noises in combat.
 D - a +2 quarterstaff of chaos
Armour
 l - a +0 buckler (worn)
 n - a +1 pair of gloves (worn)
 E - a +1 cloak of invisibility (worn)
 H - a +0 robe of magic resistance (worn)
Jewellery
 j - an amulet of magic regeneration (around neck)
 v - an uncursed ring of resist corrosion
 w - a ring of protection from cold (left hand)
 x - an uncursed ring of protection from cold
 z - a +3 ring of intelligence (right hand)
Wands
 t - a wand of paralysis (17/24)
Scrolls
 e - 2 scrolls of fog
 g - 7 scrolls of identify
 s - 3 scrolls of amnesia
 u - 2 scrolls of remove curse
 B - a scroll of magic mapping
Potions
 h - 3 potions of haste
 i - 4 potions of curing
 m - 2 potions of flight
 o - 2 potions of lignification
 q - a potion of heal wounds
 r - 3 potions of might
 F - a potion of cure mutation
Books
 b - a book of Necromancy

   Spells                             Type                      Level
   a - Pain                           Necromancy                   1
   b - Animate Skeleton               Necromancy                   1
   c - Vampiric Draining              Necromancy                   3
   d - Regeneration                   Charms/Necromancy            3
   e - Animate Dead                   Necromancy                   4
   f - Control Undead                 Necromancy                   4
 y - a book of the Earth

   Spells                             Type                      Level
   a - Leda's Liquefaction            Hexes/Earth                  4
   b - Bolt of Magma                  Conjuration/Fire/Earth       5
   c - Statue Form                    Transmutation/Earth          6
   d - Iron Shot                      Conjuration/Earth            6
   e - Shatter                        Earth                        9
Comestibles
 c - 6 bread rations
 d - a slice of pizza
 k - 4 fruits
 p - 6 meat rations


   Skills:
 - Level 1.7 Dodging
 - Level 1.7 Stealth
 * Level 4.5 Shields
 + Level 7.4 Spellcasting
 + Level 9.3 Necromancy
 + Level 0.6 Evocations


You had 12 spell levels left.
You knew the following spells:

 Your Spells              Type           Power        Failure   Level  Hunger
a - Pain                  Necr           ####         1%          1    None
b - Animate Skeleton      Necr           N/A          1%          1    None
c - Animate Dead          Necr           N/A          3%          4    ###....
d - Control Undead        Necr           ######....   3%          4    ###....


Dungeon Overview and Level Annotations

Branches:
Dungeon (7/15)
 Temple: D:4-7

Altars:
Ashenzari
Fedhas
Xom

Shops:
D:4 *   D:5 *}!*[


Innate Abilities, Weirdness & Mutations

You have a pair of antennae on your head.
You are mostly covered in rugged brown scales (AC +2, +5% HP).
You regenerate a little health from kills.
You sometimes gain a little power by taking damage.
You have sharp toenails.
You have supernaturally acute eyesight.
Your flesh is heat resistant.
You have an increased reservoir of magic (+10% MP).
Your spells are a little harder to cast, but a little more powerful.
You evolve.
Your movements are slightly less encumbered by armour (ER -2).


Message History

* * * LOW HITPOINT WARNING * * *
You are engulfed in flames.
You resist.
* * * LOW HITPOINT WARNING * * *
Your giant cockroach zombie closely misses the red ugly thing.
Your giant cockroach zombie bites the red ugly thing but does no damage.
Drink which item? (? for menu, Esc to quit)
You feel much better. The red ugly thing kicks you.
You are engulfed in flames!
You resist.
Your giant cockroach zombie bites the red ugly thing.
Read which item? (? for menu, Esc to quit)
As you read the scroll of teleportation, it crumbles to dust.
You feel strangely unstable. The red ugly thing kicks you.
You are engulfed in flames.
You resist.
* * * LOW HITPOINT WARNING * * *
Your giant cockroach zombie bites the red ugly thing.
The red ugly thing kicks you!
* * * LOW HITPOINT WARNING * * *
You focus on the pain.
You feel your power returning.
You are engulfed in flames!
You resist.
You die...

### ##.#########
#..........########
#####.#####.#....>....
..##(# ##...#########
#.##@# #.....# #
####.##u# ##...## #
#.....Z.# ##.## #
#.......# #.# #
#..#.##.# #.# #
#.....#.# ##+## ##
.....[.#.# ##...## #.
####.##.#.###.....##
#. #. .#.##.......##
##.


You could see a red ugly thing and a friendly giant cockroach zombie.

Vanquished Creatures
  A two-headed ogre (D:7)
  A wraith (Ossuary)
  A hippogriff (D:7)
  An ice beast (D:5)
  An eye of draining (D:7)
  A sky beast (D:4)
  3 ogres
  A centaur (D:5)
  2 giant frogs
  3 scorpions
  A wight (D:6)
  A crimson imp (D:4)
  A centaur skeleton (D:5)
  2 hounds
  3 orc priests
  Crazy Yiuf (D:5)
  5 orc wizards
  5 worker ants
  2 hound skeletons (D:6)
  A mummy (Ossuary)
  A worker ant zombie (D:3)
  3 gnolls (D:3)
  9 adders
  A white imp (D:4)
  An ooze (D:2)
  An adder zombie (D:6)
  2 dart slugs
  3 giant geckos
  17 orcs
  A ball python (D:6)
  4 giant cockroaches
  5 hobgoblins
  6 jackals
  3 quokkas
  A ball python zombie (D:5)
  6 bats
  4 giant newts
  7 gnoll skeletons (Ossuary)
  4 goblins
  6 kobolds (D:1)
  3 kobold skeletons (Ossuary)
  12 orc skeletons (Ossuary)
  4 rats
141 creatures vanquished.

Vanquished Creatures (collateral kills)
  An orc (D:5)
  A kobold skeleton (Ossuary)
  An orc skeleton (Ossuary)
3 creatures vanquished.

Grand Total: 144 creatures vanquished

Notes
Turn   | Place    | Note
--------------------------------------------------------------
     0 | D:1      | matakusis the Demonspawn Necromancer began the quest for the Orb.
     0 | D:1      | Reached XP level 1. HP: 13/13 MP: 3/3
    24 | D:1      | Learned a level 1 spell: Animate Skeleton
   404 | D:1      | Gained mutation: You regenerate a little health from kills. [demonic ancestry]
   404 | D:1      | Reached XP level 2. HP: 17/19 MP: 1/5
   497 | D:1      | Reached skill level 5 in Necromancy
  1162 | D:2      | Gained mutation: You have a pair of small antennae on your head. [demonic ancestry]
  1162 | D:2      | Reached XP level 3. HP: 20/24 MP: 0/6
  1868 | D:3      | Reached XP level 4. HP: 30/30 MP: 3/8
  1892 | D:3      | Reached skill level 1 in Shields
  1902 | D:3      | Learned a level 4 spell: Animate Dead
  2655 | D:4      | Reached skill level 6 in Necromancy
  2655 | D:4      | Gained mutation: You are partially covered in rugged brown scales (AC +1, +3% HP). [demonic ancestry]
  2655 | D:4      | Reached XP level 5. HP: 25/36 MP: 1/10
  2924 | D:4      | Found Tapa's General Store.
  3453 | D:5      | Entered Level 5 of the Dungeon
  3453 | D:5      | Found Jugil's General Store.
  3453 | D:5      | Noticed a sky beast
  3459 | D:5      | Gained mutation: You sometimes gain a little power by taking damage. [demonic ancestry]
  3459 | D:5      | Reached XP level 6. HP: 37/42 MP: 5/11
  3467 | D:4      | Killed a sky beast
  3516 | D:5      | Found Puunko's General Store.
  3536 | D:5      | Found Kaapuck's Armour Shop.
  3568 | D:5      | Noticed an ice beast
  3577 | D:5      | Killed an ice beast
  3613 | D:5      | Gained mutation: You are mostly covered in rugged brown scales (AC +2, +5% HP). [demonic ancestry]
  3613 | D:5      | Reached XP level 7. HP: 37/48 MP: 5/13
  3646 | D:5      | Reached skill level 7 in Necromancy
  3714 | D:5      | Found Zadus's Gadget Shoppe.
  3786 | D:5      | Noticed Crazy Yiuf
  3792 | D:5      | Killed Crazy Yiuf
  3798 | D:5      | Got a jewelled mace
  3801 | D:5      | Identified the +7 mace of the Hidden Mice {elec, *Noise +Blink rPois Dex+5} (You found it on level 5 of the Dungeon)
  3848 | D:5      | Reached skill level 5 in Spellcasting
  3856 | D:5      | Found Niugosen's Distillery.
  3881 | D:5      | Bought a potion of mutation for 37 gold pieces
  3881 | D:5      | Bought a potion of mutation for 37 gold pieces
  3882 | D:5      | Gained mutation: You have sharp toenails. [potion of mutation]
  3882 | D:5      | Gained mutation: You have supernaturally acute eyesight. [potion of mutation]
  3882 | D:5      | Gained mutation: You evolve. [potion of mutation]
  3885 | D:5      | Gained mutation: You rapidly evolve. [potion of mutation]
  3885 | D:5      | Gained mutation: Your spells are a little harder to cast, but a little more powerful. [potion of mutation]
  3885 | D:5      | Gained mutation: Your movements are slightly less encumbered by armour (ER -2). [potion of mutation]
  3887 | D:5      | Gained mutation: You have a pair of antennae on your head. [potion of mutation]
  3887 | D:5      | Lost mutation: You rapidly evolve. [potion of mutation]
  4010 | D:5      | Learned a level 4 spell: Control Undead
  4041 | D:6      | Found a blossoming altar of Fedhas.
  4104 | D:6      | Found a sand-covered staircase.
  4108 | Ossuary  | Entered an ossuary
  4108 | Ossuary  | Noticed a wraith
  4108 | Ossuary  | Noticed a wraith
  4108 | Ossuary  | Noticed a wraith
  4226 | Ossuary  | Noticed a wraith
  4243 | Ossuary  | Killed a wraith
  4351 | D:6      | Gained mutation: You have an increased reservoir of magic (+10% MP). [potion of beneficial mutation]
  4367 | D:6      | Found a shimmering altar of Xom.
  4381 | D:6      | Reached XP level 8. HP: 52/54 MP: 13/18
  4418 | D:6      | Gained mutation: Your flesh is heat resistant. [evolution]
  4452 | D:6      | Reached skill level 8 in Necromancy
  4574 | D:6      | Found a shattered altar of Ashenzari.
  5248 | D:7      | Reached skill level 9 in Necromancy
  5344 | D:7      | Noticed a two-headed ogre
  5382 | D:7      | Killed a two-headed ogre
  5382 | D:7      | Reached XP level 9. HP: 45/59 MP: 15/22
  5433 | D:7      | Noticed a red ugly thing
  5446 | D:7      | Slain by a red ugly thing

Skill      XL: |  1  2  3  4  5  6  7  8 |
---------------+-------------------------+-----
Necromancy     | 5 6 7 9 |  9.3
Shields        | 1 2 3 4 |  4.5
Spellcasting   | 3 4 5 7 |  7.4
Dodging        | |  1.7
Stealth        | |  1.7
Evocations     | |  0.6

Action                   |  1- 3 |  4- 6 |  7- 9 || total
-------------------------+-------+-------+-------++-------
Melee: Short sword       |    13 |    78 |     4 ||    95
       Mace              |       |       |    59 ||    59
       Kick              |       |       |    13 ||    13
 Cast: Pain              |    55 |    95 |   132 ||   282
       Animate Skeleton  |    11 |     2 |     1 ||    14
       Animate Dead      |       |     8 |    10 ||    18
       Control Undead    |       |       |     3 ||     3
 Abil: Evoke Invisibilit |       |       |     1 ||     1
  Use: Scroll            |     7 |     4 |     8 ||    19
       Potion            |       |     3 |     6 ||     9
 Stab: Distracted        |       |     1 |     3 ||     4
  Eat: Chunk             |     4 |     6 |     9 ||    19
Armor: Robe              |     6 |    27 |    34 ||    67
Dodge: Dodged            |    13 |    51 |    62 ||   126
Block: Buckler           |       |     8 |    27 ||    35
